SA
LAREDO HAWKS @ WASHINGTON GENERALS
08/21/2042
 
TOP OF THE 1ST
Laredo Hawks batting - Pitching for Washington Generals : RHP Miguel Pérez
Pitching: RHP Miguel Pérez
Batting: RHB Victor Jensen 0-0: Bunt for hit to P - play at first, batter OUT! 1-3
Batting: RHB Elwiin de Meij 0-0: Ball
1-0: Foul Ball, location: 2F
1-1: SINGLE (Groundball, 4MD, EV 105.6 MPH)
Batting: RHB Woody Maxwell 0-0: Ball
1-0: Ball
2-0: Swinging Strike
2-1: Called Strike
2-2: Strikes out swinging
Batting: RHB Neung-uk Yi 0-0: Called Strike
0-1: Ball
1-1: Ball
Elwiin de Meij is caught stealing 2nd base 2-4
Top of the 1st over - 0 runs, 1 hit, 0 errors, 0 left on base; Laredo 0 - Washington 0
BOTTOM OF THE 1ST
Washington Generals batting - Pitching for Laredo Hawks : RHP Dan Carter
Pitching: RHP Dan Carter
Batting: RHB Xavier Hutchesson 0-0: Fly out, F8 (Line Drive, 8RM, EV 97.5 MPH)
Batting: RHB Augusto Manito 0-0: Ball
1-0: Foul Ball, location: 2F
1-1: Ball
2-1: Foul Ball, location: 2F
2-2: Strikes out looking
Batting: LHB Cho-yun Yip 0-0: Called Strike
0-1: SINGLE (Line Drive, 89S, EV 108.8 MPH)
Batting: LHB Gabriel Gonzáles 0-0: Ball
1-0: Ball
2-0: Swinging Strike
2-1: DOUBLE (Groundball, 5L, EV 103.8 MPH)
Cho-yun Yip to third
Batting: RHB Kuniyoshi Kodo 0-0: Ball
1-0: Ball
2-0: Called Strike
2-1: Called Strike
2-2: Strikes out swinging
Bottom of the 1st over - 0 runs, 2 hits, 0 errors, 2 left on base; Laredo 0 - Washington 0
TOP OF THE 2ND
Laredo Hawks batting - Pitching for Washington Generals : RHP Miguel Pérez
Batting: RHB Neung-uk Yi 0-0: Called Strike
0-1: Ball
1-1: Foul Ball, location: 2F
1-2: Ground out 6-3 (Groundball, 6, EV 83.1 MPH)
Batting: LHB Scott Beavis 0-0: Foul Ball, location: 2F
0-1: Ball
1-1: Ball
2-1: Foul Ball, location: 2F
2-2: Ground out U3 (Groundball, 3L, EV 83.8 MPH)
Batting: RHB Steve Turner 0-0: Called Strike
0-1: Fly out, F9 (Flyball, 9D, EV 74.4 MPH)
Top of the 2nd over - 0 runs, 0 hits, 0 errors, 0 left on base; Laredo 0 - Washington 0
BOTTOM OF THE 2ND
Washington Generals batting - Pitching for Laredo Hawks : RHP Dan Carter
Batting: RHB Asko Huhtamo 0-0: DOUBLE (Groundball, 5L, EV 104.4 MPH)
Batting: RHB Joe Gilmore 0-0: Called Strike
0-1: Called Strike
0-2: Ground out 2-3 (Groundball, 15S, EV 67.5 MPH)
Asko Huhtamo to third
Batting: RHB Paul Marchand 0-0: Ball
1-0: Ball
2-0: Foul Ball, location: 2F
2-1: Fly out, F7 (Flyball, 7LS, EV 77.5 MPH)
Batting: RHB Nick Sims 0-0: Foul Ball, location: 2F
0-1: SINGLE (Groundball, 56D, EV 97.5 MPH)
Asko Huhtamo scores
Batting: RHB Xavier Hutchesson 0-0: Ball
1-0: Fielders Choice at 2nd, 6-4 (Groundball, 56, EV 89.4 MPH)
Bottom of the 2nd over - 1 run, 2 hits, 0 errors, 1 left on base; Laredo 0 - Washington 1
TOP OF THE 3RD
Laredo Hawks batting - Pitching for Washington Generals : RHP Miguel Pérez
Batting: LHB João Lourenço 0-0: Fly out, F7 (Line Drive, 7, EV 84.4 MPH)
Batting: LHB George McLean 0-0: Foul Ball, location: 2F
0-1: Foul Ball, location: 2F
0-2: DOUBLE (Line Drive, 9LM, EV 85.6 MPH)
Batting: RHB Tim Thompson 0-0: Ground out 6-3 (Groundball, 6, EV 101.2 MPH)
Batting: RHB Victor Jensen 0-0: Called Strike
0-1: Called Strike
0-2: Ball
1-2: Strikes out swinging, 2-3 out at first.
Top of the 3rd over - 0 runs, 1 hit, 0 errors, 1 left on base; Laredo 0 - Washington 1
BOTTOM OF THE 3RD
Washington Generals batting - Pitching for Laredo Hawks : RHP Dan Carter
Batting: RHB Augusto Manito 0-0: Swinging Strike
0-1: Ball
1-1: Ball
2-1: Ball
3-1: Foul Ball, location: 2F
3-2: Fly out, F9 (Flyball, 9LM, EV 91.9 MPH)
Batting: LHB Cho-yun Yip 0-0: SINGLE (Line Drive, 34D, EV 99.4 MPH)
Batting: LHB Gabriel Gonzáles 0-0: Ball
1-0: Called Strike
1-1: Ball
2-1: Called Strike
2-2: Ball
3-2: Fly out, F7 (Flyball, 7, EV 93.8 MPH)
Batting: RHB Kuniyoshi Kodo 0-0: Ball
1-0: DOUBLE (Flyball, 8LD, EV 90.0 MPH)
Cho-yun Yip to third
Batting: RHB Asko Huhtamo 0-0: Fly out, F3 (Line Drive, 3, EV 69.4 MPH)
Bottom of the 3rd over - 0 runs, 2 hits, 0 errors, 2 left on base; Laredo 0 - Washington 1
TOP OF THE 4TH
Laredo Hawks batting - Pitching for Washington Generals : RHP Miguel Pérez
Batting: RHB Elwiin de Meij 0-0: Ball
1-0: Foul Ball, location: 2F
1-1: Ball
2-1: DOUBLE (Line Drive, 89XD, EV 112.5 MPH)
Batting: RHB Woody Maxwell 0-0: Fly out, F6 (Popup, 4M, EV 52.5 MPH)
Batting: RHB Neung-uk Yi 0-0: Called Strike
0-1: Ball
1-1: Ground out 5-3 (Groundball, 5, EV 96.2 MPH)
Batting: LHB Scott Beavis 0-0: Ball
1-0: Foul Ball, location: 2F
1-1: SINGLE (Groundball, 4MS, EV 70.0 MPH) (infield hit)
Elwiin de Meij to third
Batting: RHB Steve Turner 0-0: Fielders Choice at 2nd, 6-4 (Groundball, 56, EV 82.5 MPH)
Top of the 4th over - 0 runs, 2 hits, 0 errors, 2 left on base; Laredo 0 - Washington 1
BOTTOM OF THE 4TH
Washington Generals batting - Pitching for Laredo Hawks : RHP Dan Carter
Batting: RHB Joe Gilmore 0-0: Ground out 5-3 (Groundball, 56, EV 81.9 MPH)
Batting: RHB Paul Marchand 0-0: Ball
1-0: Ball
2-0: Foul Ball, location: 2F
2-1: SINGLE (Groundball, 34D, EV 94.4 MPH)
Batting: RHB Nick Sims 0-0: Ball
1-0: SINGLE (Groundball, 56D, EV 95.6 MPH)
Paul Marchand to second
Batting: RHB Xavier Hutchesson 0-0: Fly out, F8 (Flyball, 8RD, EV 93.8 MPH)
Batting: RHB Augusto Manito 0-0: Ball
1-0: Foul Ball, location: 2F
1-1: Ball
2-1: Foul Ball, location: 2F
2-2: Ground out 4-3 (Groundball, 4, EV 81.2 MPH)
Bottom of the 4th over - 0 runs, 2 hits, 0 errors, 2 left on base; Laredo 0 - Washington 1
TOP OF THE 5TH
Laredo Hawks batting - Pitching for Washington Generals : RHP Miguel Pérez
Batting: LHB João Lourenço 0-0: Called Strike
0-1: Ball
1-1: Foul Ball, location: 2F
1-2: Ball
2-2: Ball
3-2: Strikes out swinging
Batting: LHB George McLean 0-0: Ball
1-0: Ground out U3 (Groundball, 3, EV 81.2 MPH)
Batting: RHB Tim Thompson 0-0: Called Strike
0-1: Called Strike
0-2: Ball
1-2: Foul Ball, location: 2F
1-2: DOUBLE (Groundball, 5L, EV 104.4 MPH)
Batting: RHB Victor Jensen 0-0: Called Strike
0-1: Swinging Strike
0-2: Strikes out looking
Top of the 5th over - 0 runs, 1 hit, 0 errors, 1 left on base; Laredo 0 - Washington 1
BOTTOM OF THE 5TH
Washington Generals batting - Pitching for Laredo Hawks : RHP Dan Carter
Batting: LHB Cho-yun Yip 0-0: Reached on error, E2 (Groundball, 2R, EV 71.9 MPH)
Batting: LHB Gabriel Gonzáles 0-0: Ball
1-0: Fielders Choice at 2nd, 1-6 (Groundball, 13, EV 88.8 MPH)
Batting: RHB Kuniyoshi Kodo 0-0: Ball
Gabriel Gonzáles steals 2nd base (no throw)
1-0: Foul Ball, location: 2F
1-1: Ball
2-1: Called Strike
2-2: Fly out, F5 (Popup, 15, EV 73.1 MPH)
Batting: RHB Asko Huhtamo 0-0: Ball
1-0: Ball
2-0: Called Strike
2-1: Ball
3-1: Swinging Strike
3-2: Fly out, F7 (Flyball, 78D, EV 98.8 MPH)
Bottom of the 5th over - 0 runs, 0 hits, 1 error, 1 left on base; Laredo 0 - Washington 1
TOP OF THE 6TH
Laredo Hawks batting - Pitching for Washington Generals : RHP Miguel Pérez
Batting: RHB Elwiin de Meij 0-0: Foul Ball, location: 2F
0-1: Foul Ball, location: 2F
0-2: Strikes out swinging
Batting: RHB Woody Maxwell 0-0: Called Strike
0-1: SINGLE (Groundball, 34D, EV 98.1 MPH)
Batting: RHB Neung-uk Yi 0-0: Fielders Choice at 2nd, 3-6 (Groundball, 3, EV 108.1 MPH)
Batting: LHB Scott Beavis 0-0: Called Strike
0-1: Ball
1-1: Ball
2-1: Ball
3-1: Fielders Choice at 2nd, 5-4 (Groundball, 5, EV 90.6 MPH)
Top of the 6th over - 0 runs, 1 hit, 0 errors, 1 left on base; Laredo 0 - Washington 1
BOTTOM OF THE 6TH
Washington Generals batting - Pitching for Laredo Hawks : RHP Dan Carter
Batting: RHB Joe Gilmore 0-0: Ground out 4-3 (Groundball, 4M, EV 85.6 MPH)
Batting: RHB Paul Marchand 0-0: Ball
1-0: Foul Ball, location: 2F
1-1: Foul Ball, location: 2F
1-2: Strikes out looking
Batting: RHB Nick Sims 0-0: Ball
1-0: Foul Ball, location: 2F
1-1: Ball
2-1: Called Strike
2-2: Strikes out swinging
Bottom of the 6th over - 0 runs, 0 hits, 0 errors, 0 left on base; Laredo 0 - Washington 1
TOP OF THE 7TH
Laredo Hawks batting - Pitching for Washington Generals : RHP Miguel Pérez
Batting: RHB Steve Turner 0-0: Called Strike
0-1: Foul Ball, location: 2F
0-2: Ball
1-2: Ball
2-2: Ground out 4-3 (Groundball, 4M, EV 80.6 MPH)
Batting: LHB João Lourenço 0-0: Ball
1-0: Foul Ball, location: 2F
1-1: Ball
2-1: Called Strike
2-2: Ball
3-2: Ground out U3 (Groundball, 34, EV 88.8 MPH)
Batting: LHB George McLean 0-0: Fly out, F7 (Flyball, 78M, EV 93.1 MPH)
Top of the 7th over - 0 runs, 0 hits, 0 errors, 0 left on base; Laredo 0 - Washington 1
BOTTOM OF THE 7TH
Washington Generals batting - Pitching for Laredo Hawks : RHP Dan Carter
Pitching: RHP Bill Gould
Batting: RHB Xavier Hutchesson 0-0: Called Strike
0-1: Ball
1-1: Swinging Strike
1-2: Strikes out swinging
Batting: RHB Augusto Manito 0-0: Foul Ball, location: 2F
0-1: Ball
1-1: Ball
2-1: Called Strike
2-2: Foul Ball, location: 2F
2-2: TRIPLE (Flyball, 89XD, EV 91.9 MPH)
Batting: LHB Cho-yun Yip 0-0: Ball
1-0: Ball
2-0: Called Strike
2-1: Swinging Strike
2-2: Ball
3-2: Strikes out swinging
Batting: LHB Gabriel Gonzáles 0-0: DOUBLE (Flyball, 8RXD, EV 92.5 MPH)
Augusto Manito scores
Batting: RHB Kuniyoshi Kodo 0-0: Foul Ball, location: 2F
0-1: Ball
1-1: Ball
2-1: Called Strike
2-2: Foul Ball, location: 2F
2-2: Ball
3-2: Foul Ball, location: 2F
3-2: Foul Ball, location: 2F
3-2: Base on Balls
Batting: RHB Asko Huhtamo 0-0: Foul Ball, location: 2F
0-1: Ball
1-1: Ball
2-1: Ball
3-1: Base on Balls
Gabriel Gonzáles to third
Kuniyoshi Kodo to second
Batting: RHB Joe Gilmore 0-0: Ball
1-0: Fly out, F4 (Line Drive, 4, EV 69.4 MPH)
Bottom of the 7th over - 1 run, 2 hits, 0 errors, 3 left on base; Laredo 0 - Washington 2
TOP OF THE 8TH
Laredo Hawks batting - Pitching for Washington Generals : RHP Miguel Pérez
Batting: RHB Tim Thompson 0-0: Ball
1-0: SINGLE (Groundball, 34D, EV 94.4 MPH)
Batting: RHB Victor Jensen 0-0: Ball
1-0: Foul Ball, location: 2F
1-1: Ball
2-1: Called Strike
2-2: Fielders Choice at 2nd, 6-4 (Groundball, 6S, EV 78.1 MPH)
Batting: RHB Elwiin de Meij 0-0: Ball
1-0: Ball
2-0: DOUBLE (Flyball, 78D, EV 106.9 MPH)
Victor Jensen to third
Batting: RHB Woody Maxwell 0-0: Ball
1-0: Swinging Strike
1-1: Called Strike
1-2: Ball
2-2: Ball
3-2: Base on Balls
Pitching: RHP Louis Orioli
Batting: RHB Neung-uk Yi 0-0: Ball
1-0: SINGLE (Groundball, 56D, EV 95.0 MPH)
Victor Jensen scores
Elwiin de Meij to third
Woody Maxwell to second
Runner from 3rd tries for Home, SAFE, no throw by LF
Pinch Runner at 2nd Mark Wofford:
Batting: LHB Scott Beavis 0-0: Ball
1-0: Ball
2-0: Ball
Passed Ball!
Mark Wofford to third
Neung-uk Yi to second
3-0: Intentional Walk
Batting: RHB Steve Turner 0-0: DOUBLE (Flyball, 8LXD, EV 103.1 MPH)
Mark Wofford scores
Neung-uk Yi scores
Scott Beavis to third
Batting: LHB João Lourenço 0-0: Intentional Walk
Batting: LHB George McLean 0-0: Ball
1-0: Ball
2-0: SINGLE (Groundball, 4, EV 86.9 MPH) (infield hit)
Scott Beavis scores
Steve Turner to third
João Lourenço to second
Batting: RHB Tim Thompson 0-0: Ball
1-0: Called Strike
1-1: Fly out, F9 (Flyball, 89S, EV 89.4 MPH)
Batting: RHB Victor Jensen 0-0: SINGLE (Groundball, 6D, EV 100.0 MPH)
Steve Turner scores
João Lourenço to third
George McLean to second
Runner from 3rd tries for Home, throw by CF and OUT! 8-2
Top of the 8th over - 6 runs, 6 hits, 0 errors, 2 left on base; Laredo 6 - Washington 2
BOTTOM OF THE 8TH
Washington Generals batting - Pitching for Laredo Hawks : RHP Bill Gould
Now at 3B: Brian Dyball
Batting: RHB Paul Marchand 0-0: Ball
1-0: Called Strike
1-1: Foul Ball, location: 2F
1-2: Strikes out swinging
Batting: RHB Nick Sims 0-0: Ball
1-0: Ball
2-0: Foul Ball, location: 2F
2-1: Ball
3-1: Foul Ball, location: 2F
3-2: Foul Ball, location: 2F
3-2: Foul Ball, location: 2F
3-2: Base on Balls
Pitching: RHP Sadaqat Ka'im
Batting: RHB Xavier Hutchesson 0-0: Ball
1-0: SINGLE (Groundball, 6S, EV 69.4 MPH) (infield hit)
Nick Sims to second
Batting: RHB Augusto Manito 0-0: Called Strike
0-1: SINGLE (Line Drive, 7LS, EV 111.9 MPH)
Nick Sims to third
Xavier Hutchesson to second
Batting: LHB Cho-yun Yip 0-0: Ball
1-0: Ball
2-0: Ball
3-0: Base on Balls
Nick Sims scores
Xavier Hutchesson to third
Augusto Manito to second
Pitching: RHP Domingo Jones
Batting: LHB Gabriel Gonzáles 0-0: Ball
1-0: Called Strike
1-1: Ball
2-1: Called Strike
2-2: Ball
3-2: Foul Ball, location: 2F
3-2: Strikes out swinging
Batting: RHB Kuniyoshi Kodo 0-0: Ball
1-0: Ground out 1-3 (Groundball, P, EV 66.9 MPH)
Bottom of the 8th over - 1 run, 2 hits, 0 errors, 3 left on base; Laredo 6 - Washington 3
TOP OF THE 9TH
Laredo Hawks batting - Pitching for Washington Generals : RHP Louis Orioli
Pitching: RHP Johnny Ijzendoorn
Batting: RHB Elwiin de Meij 0-0: Ground out 6-3 (Groundball, 6, EV 101.2 MPH)
Batting: RHB Brian Dyball 0-0: Ball
1-0: Foul Ball, location: 2F
1-1: Ball
2-1: Foul Ball, location: 2F
2-2: SINGLE (Groundball, 6MD, EV 96.2 MPH)
Batting: RHB Neung-uk Yi 0-0: Called Strike
0-1: Called Strike
0-2: Ball
1-2: Strikes out swinging
Batting: LHB Scott Beavis 0-0: Ball
1-0: Ball
2-0: Ball
3-0: Called Strike
3-1: Fly out, F8 (Line Drive, 8LM, EV 95.0 MPH)
Top of the 9th over - 0 runs, 1 hit, 0 errors, 1 left on base; Laredo 6 - Washington 3
BOTTOM OF THE 9TH
Washington Generals batting - Pitching for Laredo Hawks : RHP Domingo Jones
Pitching: RHP André Noël
Batting: RHB Asko Huhtamo 0-0: Fly out, F8 (Flyball, 8LS, EV 90.0 MPH)
Batting: RHB Joe Gilmore 0-0: Called Strike
0-1: Ball
1-1: Ball
2-1: Ball
3-1: Foul Ball, location: 2F
3-2: Base on Balls
Batting: RHB Paul Marchand 0-0: Ball
1-0: Ball
2-0: DOUBLE (Line Drive, 3D, EV 96.2 MPH)
Joe Gilmore to third
Pinch Hitting: SHB Nathan Polkinghorne 0-0: Foul Ball, location: 2F
0-1: Swinging Strike
0-2: Ground out 3-1 (Groundball, 34, EV 87.5 MPH)
Joe Gilmore scores
Paul Marchand to third
Pinch Hitting: RHB Irwin Taylor 0-0: Ball
1-0: Ball
2-0: Ball
3-0: Base on Balls
Batting: RHB Augusto Manito 0-0: Fly out, F4 (Popup, 13, EV 88.8 MPH)
Bottom of the 9th over - 1 run, 1 hit, 0 errors, 2 left on base; Laredo 6 - Washington 4
Friday, March 26th, 2021 - OOTP Baseball 20.8 Build 74